 Seeded DCSS version 0.29-a0-997-gf6f7e2dfe7 (webtiles) character file.

Game seed: 20220805 (custom seed)

204 purpskrrrp the Shooter (level 5, -1/38 HPs)
             Began as a Demonspawn Hunter on Aug 5, 2022.
             Succumbed to a water moccasin's poison
             ... on level 4 of the Dungeon.
             The game lasted 00:07:32 (2593 turns).

purpskrrrp the Shooter (Demonspawn Hunter)          Turns: 2593, Time: 00:07:33

Health: -1/38      AC:  6    Str: 11    XL:     5   Next: 52%
Magic:  5/5        EV: 12    Int: 11    God:
Gold:   145        SH:  0    Dex: 18    Spells: 4/4 levels left

rFire   . . .      SeeInvis .   a - +1 shortbow
rCold   + . .      Faith    .   (shield currently unavailable)
rNeg    . . .      Spirit   .   c - +1 leather armour
rPois   .          Reflect  .   (no helmet)
rElec   .          Harm     .   i - scarf {+Inv}
rCorr   .          Rampage  .   (no gloves)
Will    .....                   (no boots)
Stlth   +.........              (no amulet)
HPRegen 0.12/turn               (no ring)
MPRegen 0.09/turn               (no ring)

@: confused, lethally poisoned (-1 -> -30), about to teleport, ambrosia-drunk
A: icy blue scales 1, demonic touch 1, cold resistance 1
a: Evoke Invisibility


You were on level 4 of the Dungeon.
You visited 1 branch of the dungeon, and saw 4 of its levels.

You collected 145 gold pieces.

Inventory:

Hand Weapons
 a - a +1 shortbow (weapon)
Armour
 c - a +1 leather armour (worn)
 i - a scarf of invisibility (worn)
Wands
 k - a wand of mindburst (12)
Scrolls
 b - a scroll of immolation
 o - a scroll of teleportation
Potions
 d - a potion of magic {unknown}
 f - a potion of ambrosia
 j - 2 potions of might
 m - a potion of haste
 n - a potion of invisibility {unknown}
 p - a potion of curing {unknown}
 q - 2 potions of flight


   Skills:
 - Level 2.0 Fighting
 + Level 6.2 Ranged Weapons
 - Level 1.7 Dodging
 - Level 0.8 Stealth


You had 4 spell levels left.
You didn't know any spells.
Your spell library was empty.

Dungeon Overview and Level Annotations

Branches:
Dungeon (4/15)
 Temple: D:4-7

Altars:
Cheibriados
Ru
Sif Muna
Trog
Uskayaw
Yredelemnul


Innate Abilities, Weirdness & Mutations

You are partially covered in icy blue scales. (AC +2)
Your touch may inflict minor irresistible damage on your foes.
Your flesh is cold resistant. (rC+)


Message History

There is a sacrificial altar of Ru here.
Found a hide-covered altar of Uskayaw.
Found a snail-covered altar of Cheibriados.
Found a short sword.
A scorpion comes into view.
You shoot an arrow. The arrow hits the scorpion.
The scorpion is lightly wounded.
You hear an angry hiss.
No target in view!
No target in view!
No target in view!
No target in view!
A water moccasin comes into view.
You shoot an arrow. The arrow hits the water moccasin.
The water moccasin is lightly wounded.
The water moccasin barely misses you.
You shoot an arrow. The arrow hits the water moccasin.
The water moccasin is lightly wounded.
The water moccasin barely misses you. The scorpion stings you.
You shoot an arrow.
The arrow closely misses the water moccasin.
The water moccasin bites you! The scorpion misses you.
The water moccasin misses you.
You shoot an arrow. The arrow misses the water moccasin.
The water moccasin bites you.
You are poisoned.
The water moccasin poisons you! The scorpion closely misses you.
The water moccasin bites you!
You are more poisoned.
The water moccasin poisons you! The scorpion barely misses you.
As you read the scroll of teleportation, it crumbles to dust.
You feel strangely unstable.
* * * LOW HITPOINT WARNING * * *
You feel extremely sick. The water moccasin bites you.
* * * LOW HITPOINT WARNING * * *
The scorpion barely misses you.
You are confused.
You feel invigorated.
You die...

#....############.#
#.8.###.....##
#....#...8...##
#.._..._..._..#
##...8...#....#
##.....###.8.#
########....#
#....._..#
#.@._...##
#.sS....##
.....###### ...##.#
## #. .. .. .#.


You could see a water moccasin and a scorpion.

Vanquished Creatures
  A black bear (D:4)
  Jessica (D:3)
  2 adders (D:3)
  2 worms
  3 dart slugs
  4 endoplasms
  3 giant cockroaches
  3 goblins
  4 hobgoblins
  6 jackals (D:2)
  6 kobolds
  2 quokkas
  14 ball pythons
  5 bats
  2 frilled lizards
  10 rats
68 creatures vanquished.

Notes
Turn   | Place    | Note
-------+----------+-------------------------------------------
     0 | D:1      | purpskrrrp the Demonspawn Hunter began the quest for the
                  | Orb.
     0 | D:1      | Reached XP level 1. HP: 16/16 MP: 1/1
   161 | D:1      | Reached skill level 4 in Ranged Weapons
   244 | D:1      | Gained mutation: You are partially covered in icy blue
                  | scales. (AC +2) [demonic ancestry]
   244 | D:1      | Reached XP level 2. HP: 21/22 MP: 2/2
   474 | D:1      | Reached XP level 3. HP: 27/27 MP: 3/3
  1622 | D:3      | Reached skill level 5 in Ranged Weapons
  1726 | D:3      | Gained mutation: Your touch may inflict minor irresistible
                  | damage on your foes. [demonic ancestry]
  1726 | D:3      | Reached XP level 4. HP: 33/33 MP: 4/4
  2291 | D:3      | Found a faded altar of an unknown god.
  2331 | D:3      | Noticed Jessica
  2340 | D:3      | Killed Jessica
  2536 | D:3      | Gained mutation: Your flesh is cold resistant. (rC+)
                  | [potion of mutation]
  2556 | D:4      | Found a basalt altar of Yredelemnul.
  2559 | D:4      | Found a shimmering blue altar of Sif Muna.
  2566 | D:4      | Found a bloodstained altar of Trog.
  2569 | D:4      | Found a sacrificial altar of Ru.
  2570 | D:4      | Noticed a black bear
  2575 | D:4      | Killed a black bear
  2576 | D:4      | Reached skill level 6 in Ranged Weapons
  2576 | D:4      | Reached XP level 5. HP: 38/38 MP: 5/5
  2580 | D:4      | Found a hide-covered altar of Uskayaw.
  2581 | D:4      | Found a snail-covered altar of Cheibriados.
  2587 | D:4      | Noticed a water moccasin
  2592 | D:4      | HP: 1/38 [water moccasin (6)]
  2593 | D:4      | Succumbed to a water moccasin's poison

Illustrated notes

Levels and vault maps discovered:
D:1:      evilmike_arrival_fibonacci_small, layout_basic,
          minmay_indecisive_spiral
D:2:      layout_basic
D:3:      layout_basic, hellmonk_ecumenical_altar_heavens_door,
          minmay_misc_feat_chi, uniq_jessica
D:4:      layout_loops_cross, nicolae_overflow_hallway_of_the_gods,
          sigmund_edmund_badplayer

Skill      XL: |  1  2  3  4 |
---------------+-------------+-----
Ranged Weapons | 4 5 6 |  6.2
Fighting       | |  2.0
Dodging        | |  1.7
Stealth        | |  0.8

Action                   |  1- 3 |  4- 6 || total
-------------------------+-------+-------++-------
 Fire: Shortbow          |   132 |    42 ||   174
  Use: Scroll            |     6 |     8 ||    14
       Potion            |       |     2 ||     2
Armor: Leather armour    |    27 |       ||    27
Dodge: Dodged            |    37 |    10 ||    47

Table legend: (Time is in decaauts)
 A = Elapsed time spent in this place.
 B = Non-inter-level travel time spent in this place.
 C = Inter-level travel time spent in this place.
 D = Time resting spent in this place.
 E = Time spent auto-exploring this place.
 F = Levels seen in this place.
 G = Mean time per level.
                   A        B        C        D        E       F      G
               +--------+--------+--------+--------+--------+-----+--------+
         Total |   2645 |   2580 |     65 |      0 |   2199 |   4 |  661.2 |
       Dungeon |   2645 |   2580 |     65 |      0 |   2199 |   4 |  661.2 |
               +--------+--------+--------+--------+--------+-----+--------+

Top non-repeatable levels by time:
     D:2: 965 daAuts
     D:3: 949 daAuts
     D:1: 691 daAuts
     D:4: 40 daAuts
